[Event "*** SCC Grand Prix: Titled Tuesday Blitz"]
[Site "Chess.com"]
[Date "2020.06.23"]
[Round "1"]
[White "davidkalashian"]
[Black "eCztery"]
[Result "0-1"]
[WhiteElo "2638"]
[BlackElo "2345"]
[TimeControl "180+1"]
[EndTime "10:07:51 PDT"]
[Termination "eCztery won by checkmate"]

1. e4 c5 2. Nc3 g6 3. d4 cxd4 4.
Qxd4 Nf6 5. Bb5 Nc6 6. Bxc6 bxc6 7.
e5 Nd5 8. Nxd5 cxd5 9. e6 f6 10. Qxd5 Rb8 11. exd7+ Qxd7 12. Qxd7+ Bxd7 13. b4 Rxb4 14. Be3 Bg7 15. Ne2 f5 16. Rd1 Ba4 17.
Bxa7 Kf7 18. O-O Bxc2 19. Rd7 Ba4 20. Rxe7+ Kxe7 21. Bc5+ Kf7 22. Bxb4 Bb5 23. Re1 Ra8 24. a3 Bf8 25. Nd4 Bc4 26. h4 Bd5 27. Rc1 Bg7 28. Rc7+ Kg8 29. Ne2 Re8 30. Nf4 Bb3 31. Nd3 Rd8 32. Bc3 Bf8 33. Ne5 Bd6 34. Kh2 Bxc7 35. f4 Bxe5 36. Bxe5 Rd2 37. Bc3 Ra2 38.
Bb4 Bd5 39. Kg3 Rxg2+ 40. Kh3 Ra2 41. h5 Kf7 42. h6 Ke6 43. Kh4 Rg2 44. Kh3 Rg4 45. Bd2 Bb3 46. Be3 Ba4 47. Bd2 Kd5 48. Be3 Ke4 49. Bc1 Kf3 50. Bb2 Bb5 51. Be5 Bf1+ 52.
Kh2 Bb5 53. Bd6 Rh4+ 54. Kg1 Rxh6 55. Be5 Rh5 56. Bd6 Bc6 57. Kf1 Rh1# 0-1

[Event "*** SCC Grand Prix: Titled Tuesday Blitz"]
[Site "Chess.com"]
[Date "2020.06.23"]
[Round "1"]
[White "Kostya26"]
[Black "OK97"]
[Result "0-1"]
[WhiteElo "2419"]
[BlackElo "2831"]
[TimeControl "180+1"]
[EndTime "10:07:52 PDT"]
[Termination "OK97 won by resignation"]

1. e4 g6 2. d4 Bg7 3. Nc3 d6 4. Nf3 Nf6 5. Be3 a6 6. a4 O-O 7. h3 b6 8. Bd3 Bb7 9. Qe2 e6 10. O-O c5 11. Rad1 Nbd7 12. dxc5 bxc5 13. Bf4 e5 14.
Bc1 Qc7 15. b3 Nb8 16. Bc4 Nc6 17. Nd5 Nxd5 18. Bxd5 Kh8 19. Bxc6 Bxc6 20. c4 f5 21. Nd2 Rab8 22. f3 Qe7 23. Qd3 Rbd8 24. Rfe1 Qh4 25. Qe2 Rb8 26. Qd3 Rbd8 27. Qe2 Bh6 28. Nf1 Bxc1 29. Rxc1 fxe4 30. fxe4 Rf4 31. g3 Qg5 32. Qg2 Rf6 33. Rc2 Rdf8 34. Rce2 Rf3 35. h4 Qh5 36. Nh2 Rxb3 37. Rf2 Rbb8 38. Ref1 Qh6 39. Ng4 Qg7 40. Ne3 Rxf2 41. Rxf2 Bxa4 42.
Nd5 Bc6 43. h5 gxh5 44. Qh3 Rg8 45. Kh2 Bxd5 46. cxd5 Qg4 47. Qg2 h4 48. Rf3 hxg3+ 49. Rxg3 0-1

[Event "*** SCC Grand Prix: Titled Tuesday Blitz"]
[Site "Chess.com"]
[Date "2020.06.23"]
[Round "1"]
[White "JoachimMouhamad"]
[Black "Boudicca64"]
[Result "1/2-1/2"]
[WhiteElo "2462"]
[BlackElo "1794"]
[TimeControl "180+1"]
[EndTime "10:07:53 PDT"]
[Termination "Game drawn by stalemate"]

1. e4 c5 2. Nf3 e6 3. d4 cxd4 4.
Nxd4 a6 5. Bd3 g6 6. O-O Bg7 7. Be3 Nc6 8. Nxc6 bxc6 9. Nd2 Ne7 10. Nc4 d5 11. Nb6 Rb8 12. Nxc8 Qxc8 13. c4 O-O 14. cxd5 cxd5 15. Rc1 Qb7 16. exd5 Nxd5 17. Bc5 Rfd8 18. Qa4 f5 19. Qxa6 Qxb2 20. Qxe6+ Kh8 21. Rb1 Nf4 22. Rxb2 Nxe6 23. Rxb8 Rxb8 24. Bd6 Rd8 25. Bc4 Rxd6 26. Re1 Nc7 27. Bb3 h5 28. g3 Kh7 29.
h4 Bf6 30. Rc1 Ne6 31. Rc8 Nd4 32. Bg8+ Kg7 33. Kg2 Rc6 34. Rxc6 Nxc6 35. Bd5 Nd4 36. Bc4 Kf8 37. Kf1 Ke7 38. Bb3 Nxb3 39. axb3 Bc3 40. Ke2 Kd6 41. f3 Kd5 42. g4 fxg4 43. fxg4 Bf6 44.
gxh5 gxh5 45. Kf3 Ke5 46. Kg2 Kf4 47. Kh1 Kg4 48. Kg1 Kxh4 49. b4 Kg3 50. b5 Bd4+ 51.
Kh1 h4 52. b6 Bxb6 1/2-1/2

[Event "*** SCC Grand Prix: Titled Tuesday Blitz"]
[Site "Chess.com"]
[Date "2020.06.23"]
[Round "1"]
[White "Sam_ChessMood"]
[Black "djano"]
[Result "0-1"]
[WhiteElo "2811"]
[BlackElo "2433"]
[TimeControl "180+1"]
[EndTime "10:07:54 PDT"]
[Termination "djano won by resignation"]

1. e4 e5 2. Nf3 Nc6 3. Bb5 a6 4.
Ba4 d6 5. O-O Nf6 6. Re1 Bd7 7.
c3 g6 8. d4 b5 9. Bc2 Bg7 10. h3 O-O 11. Be3 Re8 12. Nbd2 Nh5 13. dxe5 Nxe5 14. Nxe5 dxe5 15. Nb3 Nf4 16. Nc5 Bc6 17.
Qxd8 Rexd8 18. a4 Bf8 19. Red1 Bd6 20. b4 Ne2+ 21. Kf1 Nxc3 22. Re1 Bxc5 23. Bxc5 Rd2 24. Bd1 bxa4 25. Bf3 Rad8 26. Re3 Nb5 27. Rxa4 Nd4 28. Ra5 Bb5+ 29. Kg1 Nxf3+ 30. gxf3 Rd1+ 31. Kg2 R8d2 32. Rea3 f6 33. Ra1 Kf7 34. R5a3 Ke6 35. Be3 Rd3 36.
Rxd3 Rxd3 37. Rc1 c6 38. Bc5 f5 39. h4 h5 40. Re1 f4 41. Rc1 Ba4 42. Ra1 Bd1 43. Rxa6 Bxf3+ 44. Kh2 Bxe4 45. Ra7 Rd1 46. Re7+ Kf5 47. Rf7+ Kg4 48. f3+ Bxf3 49. Bg1 Rd2+ 0-1

[Event "*** SCC Grand Prix: Titled Tuesday Blitz"]
[Site "Chess.com"]
[Date "2020.06.23"]
[Round "1"]
[White "Aemulus20"]
[Black "Richarzard69"]
[Result "1/2-1/2"]
[WhiteElo "2596"]
[BlackElo "2272"]
[TimeControl "180+1"]
[EndTime "10:07:55 PDT"]
[Termination "Game drawn by agreement"]

1. e4 e6 2. d3 d5 3. Nd2 c5 4. Ngf3 Nc6 5. g3 g6 6. Bg2 Bg7 7. O-O Nge7 8. Re1 Qc7 9. c3 b6 10. a4 Bb7 11. Qc2 O-O 12. exd5 Nxd5 13. Nc4 Rad8 14. h4 h6 15. Nh2 Nce7 16. Ng4 Kh7 17. h5 gxh5 18. Nge5 f5 19. Nf3 f4 20. d4+ Kh8 21. Rxe6 cxd4 22. Nce5 d3 23. Qxd3 Ne3 24. Bxe3 Rxd3 25. Rxe7 Qxe7 26. Ng6+ Kh7 27. Nxe7 fxe3 28.
Ng5+ hxg5 29. Bxb7 exf2+ 30. Kg2 Rd2 31. Rf1 Rxb2 32.
Nd5 Be5 33. Ne3 Bxc3 34. Be4+ Kg7 35. Nf5+ Kh8 36. Ne7 Bb4 37. Ng6+ Kg8 38. Bd5+ Kg7 39. Nxf8 Kxf8 40. Rxf2+ Rxf2+ 41. Kxf2 Kg7 42. Bf3 h4 43. gxh4 gxh4 44. Kg2 Be7 45. Kh3 Kh6 46. Bc6 Kg5 47. Be8 Bc5 48. Bb5 Be7 49. Be8 Kf4 50. Bb5 Ke5 51. Be8 Kd4 52. Bb5 Kc5 53. Be8 Kb4 54. Bd7 a6 55. Be8 b5 56. axb5 axb5 57. Bxb5 Kxb5 58.
Kh2 1/2-1/2

[Event "*** SCC Grand Prix: Titled Tuesday Blitz"]
[Site "Chess.com"]
[Date "2020.06.23"]
[Round "1"]
[White "MVM2008"]
[Black "boasovietica"]
[Result "0-1"]
[WhiteElo "1908"]
[BlackElo "2477"]
[TimeControl "180+1"]
[EndTime "10:07:55 PDT"]
[Termination "boasovietica won by resignation"]

1. d4 Nf6 2. Nf3 g6 3. g3 Bg7 4. Bg2 O-O 5. O-O d6 6. c4 Nc6 7. Nc3 Bg4 8. h3 Bxf3 9. Bxf3 e5 10. dxe5 dxe5 11. Qxd8 Raxd8 12. Bg5 Rd7 13. Rad1 Rxd1 14. Rxd1 Nd4 15. Bg2 c6 16. e3 Ne6 17. Bxf6 Bxf6 18. Rd7 Nc5 19. Rd1 Rd8 20. Rxd8+ Bxd8 21. Ne4 Nd3 22.
b3 Be7 23. f4 exf4 24. exf4 Nc1 25. Nc3 Bf6 26. Ne4 Bd4+ 27. Kf1 Nxa2 28. Ke2 Nc1+ 29. Kd2 Nxb3+ 30. Kd3 Bb6 31. Nf6+ Kg7 32. Ne8+ Kf8 33.
Nd6 Nc5+ 34. Kc3 Ke7 35. Ne4 Nxe4+ 36. Bxe4 f5 37. Bf3 Bf2 38. g4 Be3 39. gxf5 gxf5 40. Kb4 Bxf4 41. Kc5 Bd6+ 42. Kd4 Kf6 43. Kd3 Be5 44.
Ke3 Ke6 45. Kd3 Kd6 46. Ke3 Kc5 47. Kd3 a5 48. Be2 b5 49. cxb5 cxb5 50. Kc2 a4 51. Bd3 f4 52. Bxh7 b4 53. Be4 Kd4 54. Bc6 b3+ 55.
Kb2 Kc5+ 56. Ka3 Kxc6 0-1

[Event "*** SCC Grand Prix: Titled Tuesday Blitz"]
[Site "Chess.com"]
[Date "2020.06.23"]
[Round "1"]
[White "kuban1991"]
[Black "profofchess"]
[Result "1-0"]
[WhiteElo "2724"]
[BlackElo "2379"]
[TimeControl "180+1"]
[EndTime "10:07:56 PDT"]
[Termination "kuban1991 won on time"]

1. Nf3 Nc6 2. d4 d5 3. g3 Bg4 4. Bg2 Nf6 5. O-O e6 6. c4 Bd6 7. Nc3 O-O 8. Bg5 dxc4 9. e4 Be7 10. Be3 b5 11. h3 Bh5 12. g4 Bg6 13. Nh4 b4 14.
Nxg6 hxg6 15. Ne2 e5 16. Nc1 exd4 17. e5 Nd5 18. Bxd4 a5 19. Ne2 Ra6 20. Rc1 Nxd4 21. Qxd4 Nb6 22. Qe4 Bg5 23. f4 Be7 24. Rfd1 Bc5+ 25. Kh2 Qe7 26. Ng3 Re8 27. Qc6 Ra7 28.
Qf3 g5 29. Nf5 Qe6 30. Qc6 gxf4 31. Qxc5 g6 32. Nh6+ Kg7 33. g5 Qxe5 34. Qxe5+ Rxe5 35.
h4 Re3 36. Rf1 c3 37. bxc3 bxc3 38. Rxf4 c5 39. Ng4 Rd3 40. Nf2 Re3 41. Nd1 Re2 42. Nxc3 Rb2 43. a4 Rd7 44. Ne4 Rd4 45. Rcf1 f5 46. gxf6+ Kf8 47. Ng5 Rdd2 48. Rg4 Nd5 49. f7 Ne3 50. Ne6+ Ke7 51. f8=Q+ Kxe6 52. Qe8+ Kd6 53. Qxe3 Rxg2+ 54. Rxg2 1-0

[Event "*** SCC Grand Prix: Titled Tuesday Blitz"]
[Site "Chess.com"]
[Date "2020.06.23"]
[Round "1"]
[White "KingChess345"]
[Black "Paladin61"]
[Result "0-1"]
[WhiteElo "2174"]
[BlackElo "2542"]
[TimeControl "180+1"]
[EndTime "10:07:56 PDT"]
[Termination "Paladin61 won by checkmate"]

1. d4 Nf6 2. Nf3 g6 3. g3 Bg7 4. Bg2 O-O 5. O-O d6 6. c4 Nc6 7. Nc3 a6 8. b3 Rb8 9. Bb2 b5 10.
cxb5 axb5 11. d5 Na5 12. Rc1 b4 13. Nb1 e5 14. Qc2 Ba6 15. Rfd1 Ne8 16. h4 Rb7 17. e3 h6 18. h5 g5 19. Bh3 Nf6 20. g4 Ra7 21. Nbd2 Bc8 22. Nh2 Nxh5 23. Ne4 Nf6 24. Ng3 Nb7 25. Qxc7 Rxa2 26. Ba1 Nc5 27. Qxd8 Rxd8 28.
Rb1 h5 29. Bf1 Nxg4 30. Bc4 Nxf2 31. Nxh5 Nxd1 32. Nxg7 Kxg7 33. Rxd1 Bf5 34. Nf3 f6 35. Nd2 Rda8 36. e4 Rxa1 37. Rxa1 Rxa1+ 38. Kf2 Nxe4+ 39. Ke3 Nxd2 40. Kxd2 g4 41. Ke3 Bd7 42. Kf2 f5 43. Kg3 f4+ 44. Kh4 Kf6 45. Be2 Rh1# 0-1

[Event "*** SCC Grand Prix: Titled Tuesday Blitz"]
[Site "Chess.com"]
[Date "2020.06.23"]
[Round "1"]
[White "MrChampion_Coach"]
[Black "Grandelicious"]
[Result "1-0"]
[WhiteElo "2426"]
[BlackElo "2790"]
[TimeControl "180+1"]
[EndTime "10:07:57 PDT"]
[Termination "MrChampion_Coach won on time"]

1. e4 c5 2. Nf3 d6 3. Bb5+ Nd7 4. a4 Nf6 5. Nc3 g6 6. a5 Bg7 7. a6 O-O 8. O-O Nb8 9. axb7 Bxb7 10. Re1 Nc6 11.
Bxc6 Bxc6 12. d4 cxd4 13. Nxd4 Bb7 14. Bg5 Re8 15. Qd2 a6 16. Nb3 Rb8 17. h3 Qc7 18. Ra2 Rec8 19. Re2 Qd8 20. Qe1 h6 21. Bh4 Nd7 22. Nd5 g5 23. Bg3 Ne5 24. Nd4 e6 25. Nc3 Nc4 26. Nb3 Nxb2 27. e5 Nc4 28. exd6 Nxd6 29.
Na4 Bd5 30. Re3 Rb7 31. Rd3 Nf5 32. Be5 Bxe5 33. Qxe5 Qc7 34. Qf6 Bxb3 35. cxb3 Qc1+ 36. Kh2 Qf4+ 37. g3 Qe4 38. Nc5 Qc6 39. Nxb7 Qxb7 40. Rd8+ Rxd8 41. Qxd8+ Kg7 42. Rc2 Qxb3 43. Rc8 Qa2 44. Qh8+ Kg6 45. Rg8+ Kh5 46. Kg1 Qb1+ 47. Kh2 Qc2 48. Kg1 Qd1+ 49. Kg2 Qd5+ 50. Kh2 1-0

[Event "*** SCC Grand Prix: Titled Tuesday Blitz"]
[Site "Chess.com"]
[Date "2020.06.23"]
[Round "1"]
[White "Igor_Lysyj"]
[Black "Marcin"]
[Result "1-0"]
[WhiteElo "2749"]
[BlackElo "2388"]
[TimeControl "180+1"]
[EndTime "10:07:57 PDT"]
[Termination "Igor_Lysyj won by checkmate"]

1. d4 Nf6 2. c4 g6 3. Nc3 Bg7 4. e4 d6 5. Be2 O-O 6. Nf3 e5 7. O-O exd4 8. Nxd4 Re8 9. f3 c6 10. Kh1 Nbd7 11. Bf4 Nh5 12. Bxd6 Qf6 13. Nc2 Nf4 14. Rf2 Ne5 15. c5 Be6 16. Bf1 Nc4 17. Bxc4 Bxc4 18.
Rd2 Qg5 19. g3 Ne6 20. f4 Qh6 21. Ne3 Ba6 22. e5 b6 23. Ne4 Nxf4 24. Ng4 Qh3 25.
gxf4 Bc4 26. Nef6+ Bxf6 27. Nxf6+ Kh8 28. b3 Be6 29. Qf1 Qc3 30. Rad1 Red8 31. Rd3 Qb4 32. Qf2 Bf5 33. Rd4 Qc3 34. Kg1 bxc5 35. Rc4 Qa5 36. Rxc5 Qb4 37. Rc4 Qb5 38. Rcd4 c5 39. Rd5 a5 40.
Qh4 h5 41. Qg5 Kg7 42. Nxh5+ Kh7 43. Nf6+ Kg7 44. Be7 Rh8 45. Qg3 Rh3 46. Qf2 Rah8 47. Rd8 Rxh2 48. Qxh2 Rxh2 49. Rg8+ Kh6 50. Rh8+ Kg7 51.
Rxh2 a4 52. Rh7# 1-0

[Event "*** SCC Grand Prix: Titled Tuesday Blitz"]
[Site "Chess.com"]
[Date "2020.06.23"]
[Round "1"]
[White "Ginger_GM"]
[Black "ferdipy"]
[Result "1-0"]
[WhiteElo "2662"]
[BlackElo "2340"]
[TimeControl "180+1"]
[EndTime "10:07:57 PDT"]
[Termination "Ginger_GM won on time"]

1. d4 Nf6 2. c4 e6 3. Nf3 Bb4+ 4. Nbd2 O-O 5. a3 Be7 6. g4 Nxg4 7. Rg1 f5 8. e4 d5 9. e5 Bh4 10. Nxh4 Qxh4 11.
Rg3 Qxh2 12. Qf3 Nc6 13. Nb3 Qh5 14. Rh3 Qf7 15. Qg3 a5 16. Qh4 h6 17. a4 Bd7 18. f3 Nb4 19. Kd1 b6 20. Be2 dxc4 21.
Bxc4 Bc6 22. fxg4 fxg4 23. Qxg4 Bd5 24. Qe2 Bxc4 25. Qxc4 Qf5 26. Rg3 Nd5 27. Qe2 Kh7 28. Bd2 Rf7 29. Qd3 Qxd3 30. Rxd3 Raf8 31. Kc2 g5 32.
Rh3 Rf3 33. Rxf3 Rxf3 34. Rh1 Kg6 35. Nc1 h5 36. Nd3 g4 37. Rg1 Kf5 38. Ne1 Rf2 39.
Kd3 h4 40. Ng2 Rf3+ 41. Ke2 Rh3 42. Rf1+ Ke4 43. Nf4 Rh2+ 44. Ke1 Rxd2 45. Kxd2 Nxf4 46. Re1+ Kf3 47. d5 Nxd5 48. Kd3 Nf4+ 49. Kd4 g3 50. Rf1+ Kg4 51. Ke4 1-0

[Event "*** SCC Grand Prix: Titled Tuesday Blitz"]
[Site "Chess.com"]
[Date "2020.06.23"]
[Round "1"]
[White "dennisodessa"]
[Black "GregShahade"]
[Result "0-1"]
[WhiteElo "2251"]
[BlackElo "2578"]
[TimeControl "180+1"]
[EndTime "10:07:57 PDT"]
[Termination "GregShahade won by resignation"]

1. d4 Nf6 2. c4 g6 3. Nc3 d5 4.
Bg5 Ne4 5. Nxe4 dxe4 6. Qd2 c5 7. d5 Bg7 8. e3 O-O 9. Ne2 h6 10.
Bh4 Nd7 11. Nc3 g5 12. Bg3 f5 13. Be2 Ne5 14. h4 Bd7 15. hxg5 hxg5 16. f4 exf3 17. gxf3 Qb6 18. f4 gxf4 19. Bxf4 Ng6 20. O-O-O Nxf4 21. exf4 Rf6 22. Rdg1 Rh6 23. Bh5 Qf6 24. Rg5 Kh8 25. Rhg1 Rg8 26. Qg2 a6 27. Rh1 Be8 28. Bxe8 Rxe8 29.
Rxh6+ Bxh6 30. Rh5 Rg8 31. Qh3 Kh7 32. Qxf5+ Qxf5 33. Rxf5 Kg6 34. Re5 Bxf4+ 35. Kc2 Bxe5 36. Ne4 b6 37. b3 Rh8 38. Kd3 Rh3+ 39. Ke2 Kf5 40. Nd2 Rh2+ 41. Kd3 Rxd2+ 42. Kxd2 Ke4 43. Ke2 Kd4 44.
Kd2 Bf4+ 45. Kc2 Bd6 46. a4 Be5 47. Kd2 Bf4+ 48. Ke2 Kc3 0-1

[Event "*** SCC Grand Prix: Titled Tuesday Blitz"]
[Site "Chess.com"]
[Date "2020.06.23"]
[Round "1"]
[White "deribas12345"]
[Black "queen_iryna"]
[Result "0-1"]
[WhiteElo "2555"]
[BlackElo "2257"]
[TimeControl "180+1"]
[EndTime "10:07:57 PDT"]
[Termination "queen_iryna won by resignation"]

1. d4 d5 2. c4 c6 3. Nf3 Nf6 4. g3 Bf5 5. Nc3 e6 6. Bg2 Nbd7 7. O-O h6 8. b3 Be7 9. Bf4 O-O 10. Rc1 Ne4 11. Nxe4 Bxe4 12. Ne5 Bxg2 13. Kxg2 Nxe5 14. Bxe5 Bf6 15. Bxf6 Qxf6 16. e3 Rfd8 17. Qf3 Qxf3+ 18. Kxf3 Kf8 19. Ke2 Ke7 20. c5 b6 21. cxb6 axb6 22.
Rxc6 Rxa2+ 23. Kd3 b5 24. Rb6 Rc8 25. Rxb5 Rcc2 26.
Rb7+ Kf6 27. h4 Rxf2 28. Rxf2+ Rxf2 29. b4 Rb2 30. g4 g6 31. b5 Rb3+ 32. Kd2 h5 33.
g5+ Kf5 34. Rxf7+ Kg4 35. Rf4+ Kg3 36. Rf6 Kxh4 37. Rxg6 Rxb5 38. Rxe6 Kxg5 39. Re5+ Kg4 40. e4 h4 41. exd5 h3 42. d6 Rxe5 43. dxe5 h2 44. d7 h1=Q 45. d8=Q Qh2+ 46. Kc1 Qxe5 47. Qc8+ Qf5 48. Qh8 Qg5+ 49. Kd1 Qd5+ 50. Ke2 Qe4+ 51.
Kf1 Qf4+ 52. Ke1 Qe3+ 53. Kd1 Qd3+ 54. Kc1 Qc4+ 55. Kb2 Qb4+ 56. Kc2 Qc4+ 57. Kd2 Qf4+ 58.
Kd3 Qf3+ 59. Kc4 Qf4+ 60. Kd5 Qf3+ 61. Kc5 Qe3+ 62. Kb5 Qd3+ 63. Ka5 Qd2+ 64. Ka4 Qd1+ 65. Ka5 Qd5+ 66. Kb4 Qe4+ 67. Kc3 Qf3+ 68. Kd4 Qf4+ 69. Kd5 Qf5+ 70. Kd6 Qf4+ 71. Kd7 Qf5+ 72. Ke8 Qc8+ 73. Kf7 Qxh8 0-1

[Event "*** SCC Grand Prix: Titled Tuesday Blitz"]
[Site "Chess.com"]
[Date "2020.06.23"]
[Round "1"]
[White "Piotrek1979"]
[Black "JakubPulpan"]
[Result "0-1"]
[WhiteElo "2346"]
[BlackElo "2682"]
[TimeControl "180+1"]
[EndTime "10:07:58 PDT"]
[Termination "JakubPulpan won by resignation"]

1. Nf3 Nf6 2. g3 g6 3. Bg2 Bg7 4. O-O O-O 5. c4 c5 6. d4 cxd4 7. Nxd4 Nc6 8. e3 Nxd4 9. exd4 d5 10. c5 Bg4 11. f3 Bf5 12. Nc3 b6 13. b4 a5 14. Ba3 axb4 15. Bxb4 bxc5 16. Bxc5 Nd7 17.
Bb4 Be6 18. a3 Qb6 19. Ne2 Rfe8 20. Qd2 Qa6 21. Nf4 Bh6 22. Rfe1 Nb6 23. Bf1 Nc4 24. Qc3 Bxf4 25. gxf4 Rec8 26. Bd3 Qb7 27. f5 Bxf5 28. Bxf5 gxf5 29. Qd3 e6 30. Kh1 Kh8 31. Rg1 Rg8 32.
Qe2 Qd7 33. Bc5 f6 34. Rxg8+ Rxg8 35. Rg1 Rxg1+ 36. Kxg1 Kg8 37. Qc2 Ne3 38. Qb3 Nc4 39. Qb8+ Kf7 40. Qf8+ Kg6 41. Qg8+ Kh5 42. Kf2 Nb2 43.
Qg3 Nd3+ 44. Ke2 Nxc5 45. dxc5 Qb5+ 46. Ke1 Qxc5 47. Qh3+ Kg6 48. Qg3+ Kf7 49. Qh4 Qe3+ 50. Kd1 Qxf3+ 51. Kc2 Qe4+ 52. Qxe4 dxe4 0-1

[Event "*** SCC Grand Prix: Titled Tuesday Blitz"]
[Site "Chess.com"]
[Date "2020.06.23"]
[Round "1"]
[White "tapu2"]
[Black "budda"]
[Result "0-1"]
[WhiteElo "2613"]
[BlackElo "2324"]
[TimeControl "180+1"]
[EndTime "10:07:59 PDT"]
[Termination "budda won by resignation"]

1. d4 c5 2. d5 d6 3. Nc3 Nd7 4. e4 Ngf6 5. Nf3 g6 6. Be2 Bg7 7. O-O O-O 8. Nd2 a6 9. a4 Rb8 10. a5 Ne8 11. Nc4 Nc7 12. Bf4 b5 13. axb6 Nxb6 14.
Na5 Bd7 15. Qd2 Nb5 16. Nxb5 axb5 17. c3 Re8 18. Rfe1 Na4 19. Nb3 b4 20. cxb4 Rxb4 21.
Qc2 Qb6 22. Nd2 Rxb2 23. Qc1 Nc3 24. Bf1 Na2 25. Qd1 Nb4 26. Nc4 Qb8 27. Nxb2 Bxb2 28. Rb1 Bg7 29. Qd2 Qa7 30. e5 Bf5 31. Rbd1 Nc2 32.
exd6 Nxe1 33. Rxe1 Qd7 34. dxe7 Rxe7 35. Rxe7 Qxe7 36.
d6 Qe4 37. Be3 Bd4 38. Bd3 Bxe3 39. Qxe3 Qd5 40. Bf1 Qxd6 41. Qe8+ Kg7 42. Qe2 Qd4 43. h3 Be6 44. g3 c4 45. Qc2 Bd5 46. h4 c3 47. Bd3 Qe5 48. Be2 Qe4 49. Qxe4 Bxe4 50. Bd1 c2 51. Bxc2 Bxc2 52. Kg2 h5 53. f3 Bd1 54. g4 hxg4 55. fxg4 Bxg4 56. Kg3 Bh5 57. Kf4 Kf6 58. Kg3 Kf5 59. Kh3 Kf4 60. Kg2 Kg4 61. Kh2 Kxh4 62. Kg2 Kg4 63. Kf2 f5 64. Kg2 f4 65. Kh2 f3 66. Kg1 Kf4 67. Kf2 g5 68.
Ke1 g4 0-1

[Event "*** SCC Grand Prix: Titled Tuesday Blitz"]
[Site "Chess.com"]
[Date "2020.06.23"]
[Round "1"]
[White "OnePeculiarConundrum"]
[Black "Muracle"]
[Result "0-1"]
[WhiteElo "2263"]
[BlackElo "2605"]
[TimeControl "180+1"]
[EndTime "10:07:59 PDT"]
[Termination "Muracle won by checkmate"]

1. e4 c5 2. Nf3 Nc6 3. Bb5 g6 4. Bxc6 bxc6 5. c3 Bg7 6. O-O Nf6 7. e5 Nd5 8. c4 Nb6 9. b3 O-O 10. Bb2 d5 11. d3 Rb8 12. Qc2 dxc4 13. dxc4 Bf5 14.
Qd2 Nxc4 15. Qxd8 Rfxd8 16. Bc3 Nb6 17. Nbd2 Rd5 18. Rac1 Bh6 19. Ra1 Rd3 20. Ba5 Nd5 21. Nc4 Nf4 22. Rfe1 Bg4 23. Nb2 Rd5 24. Rad1 Bxf3 25.
gxf3 Bg7 26. Nc4 Nd3 27. Re3 Nb4 28. Rf1 Nc2 29. Re2 Nd4 30. Re3 Bh6 31. Re4 Nxf3+ 32. Kg2 Nd4 33. Rd1 Ne6 34. Ree1 Nf4+ 35. Kf3 Nd3 36.
Rg1 Bg7 37. Ke2 Nxe5 38. Nxe5 Bxe5 39. Rxd5 cxd5 40. Rc1 Bd6 41. Bd2 f6 42. Be3 d4 43.
Bd2 Kf7 44. h3 e5 45. Kd3 Ke6 46. f3 Kd5 47. Rf1 f5 48. Rc1 e4+ 49. fxe4+ fxe4+ 50. Kc2 e3 51. Ba5 Rf8 52. Kd3 Rf2 53. Rc2 Rxc2 54. Kxc2 Ke4 55. Kd1 d3 56. b4 e2+ 57. Kd2 Bf4+ 58.
Ke1 Bg3+ 59. Kd2 e1=Q# 0-1

[Event "*** SCC Grand Prix: Titled Tuesday Blitz"]
[Site "Chess.com"]
[Date "2020.06.23"]
[Round "1"]
[White "Michaelson_11"]
[Black "Stronger1799"]
[Result "0-1"]
[WhiteElo "2054"]
[BlackElo "2503"]
[TimeControl "180+1"]
[EndTime "10:07:59 PDT"]
[Termination "Stronger1799 won by checkmate"]

1. e4 c5 2. Nc3 e6 3. d4 cxd4 4. Qxd4 Nc6 5. Qd2 Nf6 6. b3 Bb4 7. f3 d5 8. exd5 exd5 9. a3 Ba5 10. b4 Bb6 11. Bb2 O-O 12. O-O-O Be6 13. Bd3 a5 14. b5 Ne5 15. Nge2 Qc7 16. Qg5 h6 17. Qg3 Rac8 18. Kb1 d4 19. Na4 Nxd3 20. Rxd3 Qxc2+ 21. Ka1 Qxa4 22. Nxd4 Bxd4 23. Bxd4 Qc4 24. Rd2 Nh5 25. Qh4 Rfd8 26.
Rhd1 Nf6 27. Qf2 Ne8 28. Be5 Rxd2 29. Qxd2 Nf6 30. Qb2 Nd5 31. Bxg7 f6 32. Bxf6 Nxf6 33. Re1 Qd5 34. g4 Kf7 35. g5 hxg5 36. Rf1 Rc4 37. Rf2 Rf4 38. Rd2 Qc4 39. Rc2 Qf1+ 40. Rc1 Qxf3 41. Rc7+ Kg6 42. Rc1 Qe4 43. Rd1 Bf5 44.
Rc1 Qd3 45. b6 Qd5 46. Rc7 Rd4 47. Rc1 Rd2 48. Qc3 Qa2# 0-1

[Event "*** SCC Grand Prix: Titled Tuesday Blitz"]
[Site "Chess.com"]
[Date "2020.06.23"]
[Round "1"]
[White "mmmflatbread"]
[Black "Savva09022009"]
[Result "0-1"]
[WhiteElo "2790"]
[BlackElo "2434"]
[TimeControl "180+1"]
[EndTime "10:08:00 PDT"]
[Termination "Savva09022009 won by resignation"]

1. e4 c5 2. Nf3 Nc6 3. d4 cxd4 4. Nxd4 Nf6 5. Nc3 d6 6. Nb3 e5 7. Bg5 Be6 8. Be2 Be7 9. O-O O-O 10. Qd2 a5 11. a4 Nb4 12. Nc1 Rc8 13. Nd3 Qb6 14.
Bxf6 Bxf6 15. Nxb4 Qxb4 16. Rab1 Rfd8 17. Rfd1 h6 18.
Bd3 Kh8 19. Nb5 d5 20. Qxb4 axb4 21. exd5 Bxd5 22. Bf5 Rc5 23. c3 bxc3 24. Nxc3 Bc6 25. Rxd8+ Bxd8 26. Ne4 Rd5 27. Nc3 Rd2 28. Rd1 Rxd1+ 29.
Nxd1 Bxa4 30. Nc3 Bc6 31. Be4 Ba5 32. Bxc6 bxc6 33. Na4 Kg8 34. f3 Kf8 35. Kf2 Ke7 36. Ke3 Kd6 37. Kd3 Kd5 38. b3 c5 39.
g4 g6 40. Nb2 f5 41. gxf5 gxf5 42. Nc4 Bc7 43. Ne3+ Ke6 44. h3 Ba5 45. Kc4 Bd2 46.
Nf1 Bb4 47. Ng3 Be1 48. Ne2 Bf2 49. Nc3 Bd4 50. Ne2 Be3 51. Kd3 Bd4 52. Kc4 h5 53. Ng3 h4 54. Ne2 Bf2 55. Kd3 Kd5 56. Nc3+ Kd6 57.
Kc4 Bd4 58. Ne2 Bb2 59. Kd3 Kd5 60. Kc2 Bd4 61. Kd3 e4+ 62. fxe4+ fxe4+ 63. Kd2 Ke5 64. Ke1 e3 65. Ng1 Ke4 66. Ke2 Kf4 67. Nf3 Kg3 68. Ng5 Kg2 69. Ne6 Kxh3 70. Kf3 Kh2 71. Nf4 Kg1 72.
Ke2 Be5 73. Nd3 Bd6 74. Kxe3 h3 75. Ne1 h2 76. Nf3+ Kg2 77. Nxh2 Kxh2 78. Ke4 Kg2 79.
Kd5 Bf8 80. Ke6 Kf3 81. Kf7 Bh6 82. Ke6 Bd2 83. Kd5 Bb4 0-1

[Event "*** SCC Grand Prix: Titled Tuesday Blitz"]
[Site "Chess.com"]
[Date "2020.06.23"]
[Round "1"]
[White "KNCP_719"]
[Black "Firouzja2003"]
[Result "0-1"]
[WhiteElo "2468"]
[BlackElo "3126"]
[TimeControl "180+1"]
[EndTime "10:08:01 PDT"]
[Termination "Firouzja2003 won on time"]

1. e4 c5 2. Nf3 d6 3. Bb5+ Nd7 4. c3 Nf6 5. Qe2 a6 6. Ba4 b5 7. Bc2 Bb7 8. O-O g6 9. d4 Bg7 10. e5 dxe5 11. dxe5 Bxf3 12. gxf3 Nh5 13. Rd1 Qc7 14. e6 fxe6 15. Qxe6 Rd8 16. Bg5 Ne5 17. Rxd8+ Qxd8 18. Kg2 Rf8 19. Nd2 Qd7 20. Qxd7+ Kxd7 21. Re1 h6 22. Be3 Nf4+ 23. Bxf4 Rxf4 24. Re4 Rf8 25. Re2 g5 26. Be4 c4 27. Re1 e6 28. Rd1 Ke7 29. Nf1 h5 30.
Ne3 Rf4 31. h3 g4 32. hxg4 hxg4 33. Kg3 Bh6 34. Nxg4 Nxg4 35. Rh1 Bg5 36. Rh5 Kf6 37. fxg4 Rxe4 38. Rh8 Re2 39. Rf8+ Kg7 40. Ra8 Rxb2 41. f4 Bf6 42. Rxa6 Bxc3 43. Rxe6 Bd2 0-1

[Event "*** SCC Grand Prix: Titled Tuesday Blitz"]
[Site "Chess.com"]
[Date "2020.06.23"]
[Round "1"]
[White "Yerlan-Ra"]
[Black "Man-Chuk"]
[Result "0-1"]
[WhiteElo "2439"]
[BlackElo "2852"]
[TimeControl "180+1"]
[EndTime "10:08:01 PDT"]
[Termination "Man-Chuk won by resignation"]

1. e4 c6 2. d4 d5 3. exd5 cxd5 4.
Bd3 Nf6 5. Nf3 Nc6 6. O-O Bg4 7. c3 e6 8. h3 Bh5 9. Nbd2 Bd6 10. Re1 O-O 11.
Nf1 Re8 12. Bg5 Qc7 13. Ne3 Ne4 14. Bxe4 dxe4 15. g4 exf3 16. gxh5 Bh2+ 17. Kh1 Bf4 18. Rg1 Bxg5 19. Rxg5 Qf4 20. Qg1 g6 21. Re1 Rad8 22.
Qg3 Qxg3 23. Rxg3 e5 24. d5 Ne7 25. c4 e4 26. Ng4 Nf5 27. Nf6+ Kf8 28. Rg4 Re5 29. Rgxe4 Rxe4 30. Rxe4 Kg7 31. Ne8+ Kh6 32. hxg6 hxg6 33. Nc7 a6 34. c5 Rd7 35. d6 Nxd6 36. cxd6 Rxd6 37. Ne8 Rd2 38. b4 Rxf2 39. a4 Ra2 40. a5 Ra1+ 41. Kh2 f2 42. Rf4 f1=Q 43. Rxf1 Rxf1 44. Nd6 Rb1 45. b5 Rxb5 46. Nc4 Rc5 47. Nd6 Rxa5 48. Nxf7+ Kg7 49. Nd6 Ra2+ 50. Kg3 Rb2 51.
Kf4 Rb4+ 52. Ke5 Rb3 53. Nc4 Rxh3 0-1